AoeStats
← hknarsln

Nomad

510097353Analyzed
4v4 RM · 3d ago on Sep 29, 2026· 53m 38s· 8 players
Game mode
Random Map
Map size
231×231
Population
200
Speed
Normal
Resources
Standard
Victory
Conquest
Starting age
Dark Age
Ending age
Imperial Age
RankedLock teamsTeams togetherTeam positionsShared explorationLock speedFull tech treeHidden civsTurbo modeCheats
Victory
Defeat
🇹🇼 Bohemians · Taiwan
1033
+15
🇩🇪 Saxons · Germany
1000
+16
🇫🇷 Malians · France
995
+16
🇹🇷 Tatars · Türkiye
954
+18
🇨🇳 Mongols · China
1124
-20
🇨🇳 Spanish · China
1048
-18
🇨🇳 Varangians · China
1038
-18
🇨🇳 Britons · China
800
-9
aYce Slide4285
14:05 Feudal Age
14:13 Loom
19:26 Castle Age
23:18 Fletching
23:28 Padded Archer Armor
27:15 Bodkin Arrow
27:21 Horse Collar
27:32 Double-Bit Axe
29:10 Ballistics
33:52 Imperial Age
32:50 Thumb Ring
33:38 Leather Archer Armor
33:33 Forging
34:43 Wheelbarrow
33:53 Town Watch
35:15 Bracer
36:19 Chemistry
35:37 Cranequins
37:59 Heavy Mounted Crossbowman
40:21 Iron Casting
40:16 Ring Archer Armor
40:48 Hand Cart
40:34 Town Patrol
40:30 Heated Shot
40:22 Treadmill Crane
45:56 Husbandry
45:17 Light Cavalry
46:52 Scale Barding Armor
47:14 Hussar
48:04 Bloodlines
48:28 Chain Barding Armor
50:14 Scale Mail Armor
52:09 Conscription
hknarsln
18:07 Feudal Age
21:19 Loom
23:50 Castle Age
22:10 Horse Collar
22:17 Double-Bit Axe
23:24 Fletching
23:35 Padded Archer Armor
24:26 Bloodlines
28:21 Gold Mining
28:45 Bodkin Arrow
29:42 Ballistics
31:42 Husbandry
36:23 Leather Archer Armor
36:53 Silk Armor
41:22 Imperial Age
39:29 Wheelbarrow
40:17 Bow Saw
40:11 Heavy Plow
41:57 Gold Shaft Mining
42:11 Forging
42:07 Scale Barding Armor
42:05 Bracer
42:36 Ring Archer Armor
42:26 Bracer
43:30 Chemistry
42:41 Heavy Cavalry Archer
Copam
4:40 Loom
14:58 Feudal Age
19:58 Castle Age
19:28 Double-Bit Axe
19:26 Horse Collar
20:20 Town Watch
21:11 Wheelbarrow
24:24 Fletching
30:53 Bodkin Arrow
40:34 Imperial Age
38:34 Pikeman
39:16 Squires
42:01 Elite Skirmisher
45:36 Halberdier
48:49 Conscription
52:12 Padded Archer Armor
52:22 Forging
Donald
雨落
14:59 Feudal Age
15:40 Double-Bit Axe
19:47 Castle Age
17:54 Horse Collar
18:43 Stone Mining
19:16 Fishing Lines
21:36 Bow Saw
22:44 Heavy Plow
23:22 Wheelbarrow
25:42 Stone Shaft Mining
27:48 Gold Mining
33:04 Imperial Age
30:37 Fletching
31:01 Husbandry
32:10 Gold Shaft Mining
31:41 Nomads
32:18 Thumb Ring
32:10 Bodkin Arrow
32:16 Padded Archer Armor
33:18 Elite Mangudai
34:30 Ballistics
34:22 Masonry
34:52 Loom
35:22 Hand Cart
35:19 Bracer
35:34 Leather Archer Armor
35:47 Onager
38:04 Siege Engineers
40:13 Conscription
40:13 Drill
40:36 Forging
40:42 Bloodlines
41:00 Parthian Tactics
41:37 Siege Onager
46:41 Elite Steppe Lancer
49:16 Capped Ram
51:22 Scale Barding Armor
51:53 Iron Casting
53:56 Chemistry
Enrique
6:12 Loom
15:11 Feudal Age
16:07 Double-Bit Axe
17:12 Town Watch
20:26 Castle Age
19:29 Bloodlines
19:05 Horse Collar
21:37 Bow Saw
22:05 Wheelbarrow
23:29 Stone Mining
27:33 Fishing Lines
28:53 Gillnets
32:24 Scale Barding Armor
33:33 Chain Barding Armor
37:03 Imperial Age
36:03 Husbandry
35:57 Fletching
36:18 Forging
38:08 Heavy Plow
41:35 Hand Cart
41:14 Gold Mining
41:48 Conscription
44:55 Plate Barding Armor
44:50 Vendel Legacy
45:02 Cavalier
47:45 Iron Casting
48:46 Light Cavalry
51:33 Elite Skirmisher
蓝色铁骑
4:41 Loom
justjust
10:23 Loom
13:06 Feudal Age
13:34 Double-Bit Axe
13:55 Fishing Lines
25:18 Padded Archer Armor
28:05 Castle Age
26:10 Fletching
27:26 Gold Mining
27:29 Stone Mining
27:59 Horse Collar
29:55 Leather Archer Armor
29:36 Bodkin Arrow
29:28 Crossbowman
43:25 Heavy Plow
43:38 Bow Saw
52:26 Gillnets
Connection lost

Rejoining the realm…

Still unreachable

The connection could not be restored.

Session expired

The server has moved on; the page needs a fresh start.